 Dungeon Crawl Stone Soup version 0.19.3 (webtiles) character file.

3077 nono the Covered (level 10, -1/54 HPs)
             Began as a Halfling Assassin on Jan 23, 2017.
             Was a Believer of Qazlal.
             Slain by a wraith (11 damage)
             ... on level 8 of the Dungeon.
             The game lasted 00:24:26 (7446 turns).

nono the Covered (Halfling Assassin)                Turns: 7446, Time: 00:24:27

Health: -1/54      AC:  8    Str: 20    XL:     10   Next: 12%
Magic:  14/14      EV: 18    Int:  9    God:    Qazlal [**....]
Gold:   260        SH:  9    Dex: 17    Spells: 0 memorised, 9 levels left

rFire  . . .     SeeInvis .     D - +1 scimitar (slice)
rCold  + . .     Gourm    .     U - +2 leather armour {rPois}
rNeg   . . .     Faith    .     l - +0 buckler (curse)
rPois  +         Spirit   .     t - +0 hat
rElec  .         Reflect  .     d - +0 cloak
rCorr  .         Harm     .     (no gloves)
MR     .....                    W - +0 pair of boots
Stlth  +++.......               (no amulet)
                                F - ring of protection from cold
                                L - ring of poison resistance

@: mighty, very slightly contaminated, hasted and slowed
A: frail 1, mutation resistance 1, poison resistance
a: Upheaval, Renounce Religion


You were on level 8 of the Dungeon.
You worshipped Qazlal.
Qazlal was pleased with you.
You were hungry.

You visited 2 branches of the dungeon, and saw 9 of its levels.

You collected 260 gold pieces.

Inventory:

Hand Weapons
 a - a +2 dagger
 b - a +0 blowgun
 f - a +0 falchion
 D - a +1 scimitar of slicing (weapon)
Missiles
 e - 13 tomahawks (quivered)
 B - 8 poisoned needles
 I - 3 tomahawks of returning
 J - a curare-tipped needle
 M - 2 needles of confusion
Armour
 c - a +0 robe
 d - a +0 cloak (worn)
 l - a cursed +0 buckler (worn)
 s - a +0 scale mail
 t - a +0 hat (worn)
 E - a +0 chain mail
 U - a +2 leather armour of poison resistance (worn)
 W - a +0 pair of boots (worn)
Jewellery
 r - an uncursed ring of protection from fire
 y - an uncursed ring of fire
 F - a ring of protection from cold (right hand)
 L - a ring of poison resistance (left hand)
Wands
 z - a wand of iceblast (8/15)
 H - a wand of polymorph (10/24)
 N - a wand of lightning (9/15)
 O - a wand of teleportation (6/9)
 T - a wand of teleportation (4/9)
Scrolls
 k - a scroll of enchant armour
 n - a scroll of recharging {unknown}
 o - a scroll of amnesia {unknown}
 q - 3 scrolls of random uselessness
 u - 3 scrolls of teleportation
 v - 2 scrolls of identify
 x - 4 scrolls of remove curse
 G - a scroll of magic mapping {unknown}
 K - a scroll of fog {unknown}
 R - 2 scrolls of enchant weapon {unknown}
Potions
 h - 3 potions of flight
 m - 3 potions of lignification
 C - a potion of agility
 S - a potion of resistance
Comestibles
 g - 4 bread rations
 j - a royal jelly
 p - 2 chunks of flesh
 w - 5 fruits
 P - a slice of pizza
 Q - 2 meat rations


   Skills:
 - Level 1.7 Fighting
 - Level 2.4(5.7) Short Blades
 + Level 6.8(7.0) Long Blades
 - Level 2.0 Throwing
 + Level 7.3 Armour
 - Level 6.4 Dodging
 - Level 5.7 Stealth
 + Level 3.8 Shields
 + Level 5.7 Invocations


You had 9 spell levels left.
You didn't know any spells.

Dungeon Overview and Level Annotations

Branches:
Dungeon (8/15)             Temple (1/1) D:5
   Lair: D:8-11

Altars:
Ashenzari
Cheibriados
Dithmenos
Elyvilon
Fedhas
Gozag
Hepliaklqana
Kikubaaqudgha
Nemelex Xobeh
Okawaru
Qazlal
Ru
Sif Muna
Trog
Uskayaw
Xom
Zin
The Shining One

Annotations:
D:7 Menkaure


Innate Abilities, Weirdness & Mutations

You are small and have problems with some larger weapons.
You are somewhat resistant to further mutation.
You are frail. (-10% HP)
Your system is resistant to poisons. (rPois)


Message History

The wraith is heavily damaged.
The wraith closely misses you.
You slash the wraith!
The wraith is almost destroyed.
The wraith hits you! The wraith drains your vigour!
You feel as though you will be slow longer.
You closely miss the wraith.
The wraith is almost destroyed.
The wraith barely misses you. The wraith hits you!
* * * LOW HITPOINT WARNING * * *
Okay, then.
You are feeling hungry.
You slash the wraith!
You destroy the wraith!
Qazlal accepts your kill.
You closely miss the wraith. The wraith misses you.
You hit the wraith.
The wraith is moderately damaged.
The wraith hits you!
You die...

######### #.......# ###
#.......## #..
#........###############..
#.......W@........[.......
#.......################.#
#.......# #.# ####.####
#.# #.# ##############.#
#.# ##.....#.....##.# #.#
##.............#.# #)#
#................#
oo.o.....#
#................#


You could see a wraith.

Vanquished Creatures
  A hippogriff (D:8)
  A wyvern (D:8)
  2 wraiths (D:8)
  2 orc warriors
  A necrophage (D:8)
  An ice beast (D:6)
  A phantom (D:8)
  5 ogres
  A centaur (D:8)
  A big kobold (D:8)
  A bullfrog (D:7)
  2 scorpions
  3 howler monkeys
  2 bullfrog zombies (D:7)
  2 crimson imps
  5 hounds
  5 orc priests
  Terence (D:2)
  4 worker ants
  2 iguanas (D:6)
  9 orc wizards
  A worker ant zombie (D:7)
  11 gnolls
  4 adders
  A shadow imp (D:6)
  An ooze (D:1)
  An adder zombie (D:7)
  3 adder skeletons
  3 worms
  3 dart slugs
  6 leopard geckos
  32 orcs
  7 giant cockroaches
  8 goblins
  6 hobgoblins
  9 jackals
  2 quokkas
  6 bats (D:1)
  3 frilled lizards
  A jackal zombie (D:3)
  8 kobolds
  7 rats
175 creatures vanquished.

Notes
Turn   | Place    | Note
-------+----------+-------------------------------------------
     0 | D:1      | nono the Halfling Assassin began the quest for the Orb.
     0 | D:1      | Reached XP level 1. HP: 14/14 MP: 1/1
   126 | D:1      | Reached XP level 2. HP: 17/19 MP: 2/2
   237 | D:1      | Reached skill level 5 in Stealth
   295 | D:1      | Reached XP level 3. HP: 22/24 MP: 3/3
  1158 | D:2      | Noticed Terence
  1179 | D:2      | Killed Terence
  1179 | D:2      | Reached XP level 4. HP: 22/29 MP: 4/4
  1555 | D:2      | Reached XP level 5. HP: 20/34 MP: 5/5
  1618 | D:3      | Reached skill level 1 in Armour
  1696 | D:3      | Reached skill level 1 in Long Blades
  1935 | D:3      | Found a white marble altar of Elyvilon.
  1935 | D:3      | Found a faded altar of an unknown god.
  1940 | D:3      | Found a sparkling altar of Nemelex Xobeh.
  1942 | D:3      | Found a faded altar of an unknown god.
  1943 | D:3      | Found a faded altar of an unknown god.
  2026 | D:3      | Found a faded altar of an unknown god.
  2287 | D:4      | Noticed an ogre
  2318 | D:4      | Killed an ogre
  2318 | D:4      | Reached skill level 2 in Armour
  2318 | D:4      | Reached XP level 6. HP: 26/39 MP: 6/6
  2448 | D:4      | Noticed an orc warrior
  2481 | D:4      | Killed an orc warrior
  2481 | D:4      | Reached skill level 3 in Armour
  2615 | D:4      | Reached XP level 7. HP: 35/44 MP: 7/7
  3249 | D:5      | Entered Level 5 of the Dungeon
  3249 | D:5      | Found a staircase to the Ecumenical Temple.
  3430 | Temple   | Entered the Ecumenical Temple
  3486 | Temple   | Became a worshipper of Qazlal Stormbringer
  3702 | D:5      | HP: 1/44 [ogre/giant club (17)]
  4199 | D:5      | Reached skill level 4 in Armour
  4199 | D:5      | Reached skill level 1 in Invocations
  4308 | D:5      | Reached skill level 5 in Dodging
  4308 | D:5      | Reached XP level 8. HP: 49/49 MP: 7/9
  5095 | D:6      | Reached skill level 5 in Armour
  5659 | D:6      | Found a bloodstained altar of Trog.
  5659 | D:6      | Found a hide-covered altar of Uskayaw.
  5845 | D:7      | Gained mutation: Your system is resistant to poisons. (rPois) [potion of mutation]
  5845 | D:7      | Gained mutation: You are frail. (-10% HP) [potion of mutation]
  5870 | D:7      | Reached skill level 5 in Long Blades
  5913 | D:7      | Reached XP level 9. HP: 41/48 MP: 11/11
  5927 | D:7      | Reached * piety under Qazlal
  6054 | D:7      | Noticed Menkaure
  6516 | D:7      | Reached skill level 6 in Armour
  6846 | D:8      | Reached skill level 1 in Shields
  6996 | D:8      | Reached skill level 5 in Invocations
  7155 | D:8      | Noticed a hippogriff
  7171 | D:8      | Killed a hippogriff
  7413 | D:8      | Reached ** piety under Qazlal
  7427 | D:8      | Reached skill level 7 in Armour
  7427 | D:8      | Reached XP level 10. HP: 27/54 MP: 12/14
  7446 | D:8      | Slain by a wraith

Skill      XL: |  1  2  3  4  5  6  7  8  9 |
---------------+----------------------------+-----
Dodging        | 2 3 4 5 6 |  6.4
Stealth        | 5 |  5.7
Armour         | 2 3 4 5 7 |  7.3
Long Blades    | 2 4 5 6 |  6.8
Invocations    | 1 3 5 |  5.7
Shields        | 3 |  3.8
Fighting       | |  1.7
Short Blades   | |  2.4
Throwing       | |  2.0

Action                   |  1- 3 |  4- 6 |  7- 9 | 10-12 || total
-------------------------+-------+-------+-------+-------++-------
Melee: Dagger            |   112 |   151 |       |       ||   263
       Scimitar          |       |     6 |   359 |    10 ||   375
 Fire: Blowgun           |     7 |    25 |    20 |       ||    52
  Use: Scroll            |       |       |    11 |       ||    11
       Potion            |       |       |    11 |       ||    11
 Stab: Sleeping          |     7 |     3 |     1 |       ||    11
       Distracted        |     1 |     1 |     1 |       ||     3
  Eat: Chunk             |       |     5 |    15 |       ||    20
       Fruit             |       |       |     2 |       ||     2
Armor: Robe              |    19 |       |       |       ||    19
       Scale mail        |       |    42 |   109 |       ||   151
       Leather armour    |       |       |     2 |       ||     2
Dodge: Dodged            |    93 |   105 |   228 |     4 ||   430
Block: Buckler           |       |       |    32 |     1 ||    33
       Other             |       |       |     3 |       ||     3
       Rpst.: Scimitar   |       |       |    81 |       ||    81
